Map: Void Training Stage 3

Players

Hyperion - Winner!

  • Race: Terran Terran
  • Spawn Location: 12:00

Player 2

  • Race: Protoss Protoss
  • Spawn Location: 6:00

VOD

Have the link to the VOD?

Description

Time

  • Played on: June 25, 2017, 12:09 p.m.
  • Length: 18:49
Show
View Real Time Build Order
Export as new Build Order

Hyperion Terran - Winner!

Build Orders: MMM Bio 

Get SALT Encoding   

  12  0:03  SCV  
  13  0:16  SCV  
  14  0:23  Supply Depot  
  14  0:28  SCV  
  15  0:34  Refinery  
  15  0:44  SCV  
  16  0:58  Barracks  
  16  1:29  SCV  
  17  1:41  SCV  
  18  1:50  Marine  
  19  1:56  Command Center  
  19  1:58  Orbital Command  
  19  2:17  Barracks Reactor  
  19  2:26  SCV  
  19  2:27  Refinery  
  20  2:39  Factory  
  20  2:44  Supply Depot, SCV  
  21  2:56  SCV  
  21  2:58  Marine  
  23  3:05  Marine  
  23  3:12  Orbital Command  
  24  3:23  Marine  
  24  3:24  Marine  
  26  3:29  Widow Mine  
  28  3:45  Starport  
  28  3:47  Marine  
  28  3:48  Marine  
  30  3:58  Widow Mine  
  32  4:12  Marine x2  
  34  4:36  Marine x2  
  36  4:39  Viking  
  38  4:48  Supply Depot  
  38  4:51  Supply Depot  
  38  4:54  Barracks  
  38  5:00  SCV, Barracks  
  38  5:04  SCV  
  40  5:12  Marine x2  
  42  5:16  SCV  
  43  5:23  Starport Tech Lab  
  43  5:27  Factory Tech Lab  
  43  5:39  SCV  
  44  5:43  Marine x2  
  46  5:51  SCV  
  42  6:12  Marine x2  
  44  6:30  Marine x2  
  46  6:45  Stimpack  
  46  6:46  Combat Shields  
  46  6:48  Factory Reactor  
  46  6:50  Starport Reactor  
  46  6:52  Marine x2  
  48  6:54  SCV  
  49  7:10  Marine x2  
  49  7:14  Marine  
  52  7:17  Marine  
  53  7:27  Supply Depot  
  53  7:28  Marine x2  
  53  7:29  Supply Depot  
  55  7:31  Medivac x2  
  55  7:35  Widow Mine  
  61  7:37  Marine  
  62  7:47  Supply Depot  
  62  7:48  Widow Mine  
  62  7:49  Marine x3  
  62  7:51  Supply Depot  
  67  7:56  Engineering Bay  
  67  8:17  Marine  
  67  8:18  Marine  
  67  8:19  Marine  
  70  8:20  Marine  
  71  8:27  Medivac  
  71  8:28  Medivac  
  75  8:56  Terran Infantry Weapons Level 1  
  75  8:59  Marine x2  
  77  9:03  Widow Mine x2  
  77  9:06  Marine  
  77  9:08  Marine  
  83  9:10  Medivac x2  
  87  9:19  Supply Depot  
  87  9:20  Supply Depot  
  87  9:23  SCV  
  88  9:28  Marine x2  
  88  9:29  Marine  
  91  9:32  Marine  
  92  9:49  Marine x2  
  92  9:52  Marine  
  95  9:54  Marine  
  95  9:56  Widow Mine x2  
  95  9:59  Medivac  
  102  10:00  Medivac  
  102  10:05  Supply Depot  
  104  10:10  Supply Depot  
  99  10:56  Medivac x2  
  103  10:58  Marine x2  
  103  10:59  Marine  
  103  11:01  Marine  
  103  11:04  Widow Mine x2  
  111  11:12  Supply Depot  
  111  11:16  Supply Depot  
  111  11:25  Refinery  
  111  11:27  Refinery  
  111  11:28  Terran Infantry Armor Level 1  
  111  11:37  SCV  
  112  11:49  SCV  
  93  15:47  Widow Mine x2  
  90  17:38  Marine x2  
  90  17:39  Marine  
  90  17:41  Marine  
  90  17:42  Widow Mine x2  
  98  17:44  Medivac x2  
Show
View Real Time Build Order
Export as new Build Order

Player 2 Protoss 

Build Orders:  

Get SALT Encoding   

  12  0:01  Probe (Chrono Boost)  
  13  0:11  Probe (Chrono Boost)  
  14  0:21  Pylon  
  14  0:22  Probe (Chrono Boost)  
  15  0:39  Probe (Chrono Boost)  
  16  0:46  Assimilator  
  17  0:50  Probe (Chrono Boost)  
  17  0:51  Gateway  
  17  0:59  Pylon  
  17  1:00  Probe (Chrono Boost)  
  18  1:29  Gateway  
  18  1:34  Assimilator  
  18  1:37  Zealot  
  18  1:41  Cybernetics Core  
  20  2:02  Zealot  
  22  2:11  Warp Gate  
  22  2:14  Zealot  
  22  2:15  Pylon  
  24  2:29  Adept  
  26  2:32  Probe (Chrono Boost)  
  27  2:42  Stalker  
  27  2:44  Probe (Chrono Boost)  
  30  2:50  Pylon  
  30  2:55  Probe (Chrono Boost), Stalker  
  34  3:06  Probe (Chrono Boost)  
  34  3:07  Forge  
  34  3:18  Probe (Chrono Boost)  
  35  3:29  Probe (Chrono Boost)  
  36  5:14  Sentry  
  36  5:15  Probe (Chrono Boost)  
  36  5:16  Pylon  
  36  5:18  Photon Cannon  
  36  5:19  Photon Cannon  
  39  5:21  Robotics Facility  
  39  5:22  Nexus  
  39  5:23  Stargate  
  39  5:25  Twilight Council  
  39  5:27  Stalker  
  39  5:28  Gateway  
  41  5:30  Forge  
  41  5:35  Probe (Chrono Boost)  
  42  5:41  Stalker  
  44  5:48  Pylon  
  44  5:55  Sentry  
  34  6:08  Sentry  
  34  6:09  Observer  
  37  6:22  Adept  
  39  6:28  Observer  
  40  6:35  Stalker  
  40  6:36  Probe (Chrono Boost)  
  40  6:38  Probe (Chrono Boost)  
  44  6:44  Assimilator  
  45  6:47  Probe (Chrono Boost)  
  45  6:49  Zealot, Probe (Chrono Boost)  
  48  6:54  Pylon  
  48  6:58  Probe (Chrono Boost)  
  48  7:00  Pylon  
  50  7:01  Probe (Chrono Boost)  
  50  7:02  Zealot  
  52  7:09  Probe (Chrono Boost)  
  52  7:12  Probe (Chrono Boost)  
  54  7:16  Stalker  
  54  7:20  Probe (Chrono Boost)  
  54  7:21  Photon Cannon  
  57  7:24  Probe (Chrono Boost)  
  58  7:30  Photon Cannon, Adept  
  58  7:32  Probe (Chrono Boost)  
  58  7:35  Probe (Chrono Boost)  
  62  7:42  Probe (Chrono Boost)  
  63  7:46  Probe (Chrono Boost)  
  64  7:53  Probe (Chrono Boost)  
  64  7:56  Probe (Chrono Boost)  
  66  8:04  Probe (Chrono Boost)  
  67  8:07  Probe (Chrono Boost)  
  68  8:14  Probe (Chrono Boost)  
  69  8:40  Assimilator  
  69  9:48  Protoss Ground Weapons Level 1  
  69  9:51  Immortal, Protoss Ground Armor Level 1  
  73  9:56  Gateway  
  73  9:59  Robotics Facility  
  73  10:01  Zealot  
  73  10:04  Pylon, Nexus  
  73  10:06  Dark Shrine  
  75  10:08  Stargate  
  75  10:09  Templar Archives  
  75  10:10  Robotics Bay  
  75  10:13  Fleet Beacon  
  75  10:30  Observer  
  75  10:31  Adept  
  64  10:40  Zealot  
  58  10:43  Warp Prism  
  58  10:49  Warp Prism  
  60  10:50  Zealot  
  60  10:55  Observer Gravitic Boosters  
  64  10:59  Sentry  
  66  11:08  Stalker  
  68  11:18  Stalker  
  71  11:19  Probe (Chrono Boost)  
  71  11:21  Probe (Chrono Boost)  
  71  11:23  Probe (Chrono Boost)  
  73  11:27  Stalker  
  73  11:28  Assimilator  
  73  11:29  Pylon  
  73  11:31  Probe (Chrono Boost), Pylon  
  73  11:32  Probe (Chrono Boost), Assimilator  
  77  11:33  Immortal  
  77  11:34  Probe (Chrono Boost)  
  82  11:43  Probe x2 (Chrono Boost)  
  82  11:44  Probe (Chrono Boost), Gravitic Drive  
  85  11:52  Photon Cannon  
  85  11:54  Photon Cannon  
  85  13:21  Zealot  
  85  13:23  Protoss Ground Armor Level 2, Protoss Ground Weapons Level 2  
  85  13:24  Protoss Air Weapons Level 1  
  85  13:26  Zealot  
  73  13:31  Adept  
  67  13:36  Zealot  
  69  13:41  Sentry  
  69  13:45  Warp Prism  
  69  13:47  Stalker  
  67  13:48  Warp Prism  
  67  13:52  Stalker  
  67  13:57  Adept  
  67  13:59  Probe (Chrono Boost)  
  67  14:02  Probe (Chrono Boost), Adept  
  53  14:04  Void Ray  
  53  14:05  Probe (Chrono Boost)  
  58  14:12  Adept  
  58  14:14  Probe (Chrono Boost)  
  58  14:17  Probe (Chrono Boost), Adept  
  61  14:22  Adept  
  55  14:26  Probe (Chrono Boost)  
  55  14:27  Stalker  
  55  14:29  Probe (Chrono Boost)  
  55  14:32  Stalker  
  55  14:37  Sentry  
  55  14:38  Probe (Chrono Boost)  
  56  14:45  Void Ray  
  56  14:47  Zealot  
  56  14:52  Adept  
  58  14:55  Probe (Chrono Boost)  
  58  14:57  Stalker  
  58  14:58  Probe (Chrono Boost)  
  52  15:02  Stalker  
  54  15:07  Sentry  
  54  15:10  Pylon  
  54  15:12  Adept  
  58  15:18  Immortal  
  61  15:24  Stalker  
  64  15:28  Probe (Chrono Boost)  
  64  15:29  Stalker  
  64  15:34  Sentry  
  62  15:39  Zealot  
  55  15:44  Nexus  
  58  15:52  Adept  
  58  15:57  Adept  
  60  15:58  Pylon  
  60  16:02  Sentry  
  61  16:07  Immortal  
  59  16:14  Adept  
  50  16:19  Sentry  
  50  16:24  Adept  
  42  16:32  Stalker  
  41  16:40  Sentry  
  41  16:41  Twilight Council  
  41  16:44  Stargate, Warp Prism  
  42  16:54  Sentry  
  37  17:02  Stalker  
  34  17:12  Probe (Chrono Boost)  
  34  17:15  Probe (Chrono Boost), Nexus  
  31  17:22  Stalker  
  31  17:23  Assimilator  
  31  17:24  Probe (Chrono Boost)  
  31  17:26  Probe (Chrono Boost)  
  31  17:28  Assimilator  
  29  17:34  Assimilator  
  23  17:45  Probe (Chrono Boost)  
  23  17:48  Probe (Chrono Boost)  
  25  17:56  Probe (Chrono Boost)  
  23  17:59  Probe (Chrono Boost)  
  23  18:06  Probe (Chrono Boost)  
  23  18:09  Probe (Chrono Boost)  
  23  18:13  Gateway  
  23  18:17  Probe (Chrono Boost)  
  24  18:21  Probe (Chrono Boost)  
  16  18:35  Probe (Chrono Boost)  
Tags
 
Composition
MMM Bio
Matchup
PvT
Spawn Locations
Cross Positions
Add a new tag
Caveats
  • Supply blocks, unpowered buildings, or Contaminate may cause inaccurate times.
  • Supply counts are checked every 10 seconds.